AoeStats
← 1847373944

Black Forest

508174734Analyzed
4v4 RM · 12d ago on Sep 21, 2026· 48m 52s· 8 players
Game mode
Random Map
Map size
Large (8 player)
Population
200
Speed
Normal
Resources
Standard
Victory
Conquest
Starting age
Dark Age
Ending age
Imperial Age
RankedLock teamsTeams togetherTeam positionsShared explorationLock speedFull tech treeHidden civsTurbo modeCheats
Victory
Defeat
🇦🇪 Spanish · United Arab Emirates
1298
+12
🇨🇳 Persians · China
1238
+14
🇵🇪 Aztecs · Peru
1224
+15
🇳🇿 Italians · New Zealand
1198
+15
🇨🇳 Cumans · China
1404
-23
🇹🇷 Mongols · Türkiye
1157
-12
🇨🇳 Saracens · China
1108
-11
1104
-10
Gimme pocket or quit
13:36 Feudal Age
15:01 Horse Collar
15:14 Double-Bit Axe
17:40 Fishing Lines
22:41 Castle Age
22:17 Wheelbarrow
23:31 Bow Saw
24:29 Gillnets
24:42 Stone Mining
25:56 Loom
26:28 Hand Cart
27:37 Gold Mining
29:32 Stone Shaft Mining
29:33 Gold Shaft Mining
29:10 Town Watch
30:24 Caravan
30:55 Coinage
30:50 Scale Barding Armor
30:57 Forging
33:26 Imperial Age
31:13 Heavy Plow
31:38 Forging
32:15 Chain Barding Armor
32:15 Masonry
33:08 Iron Casting
33:17 Husbandry
33:28 Bloodlines
33:19 Devotion
34:28 Guilds
34:51 Banking
36:47 Blast Furnace
36:22 Plate Barding Armor
36:08 Conscription
35:09 Elite War Elephant
36:56 Chemistry
39:47 Two-Man Saw
39:21 Crop Rotation
41:14 Hoardings
41:50 Faith
Don Gio
1:06 Loom
11:55 Feudal Age
16:09 Castle Age
14:00 Double-Bit Axe
13:57 Horse Collar
20:17 Bow Saw
21:00 Heavy Plow
22:57 Wheelbarrow
22:11 Town Watch
22:55 Gold Mining
23:15 Stone Mining
25:24 Fletching
25:36 Padded Archer Armor
27:22 Bodkin Arrow
28:15 Ballistics
34:21 Imperial Age
32:20 Caravan
33:01 Silk Road
33:34 Hand Cart
34:00 Scale Barding Armor
34:11 Leather Archer Armor
36:22 Chemistry
35:24 Bracer
35:47 Conscription
35:31 Elite Genoese Crossbowman
35:36 Light Cavalry
36:27 Bloodlines
36:17 Husbandry
36:46 Husbandry
37:09 Hussar
38:01 Forging
38:12 Chain Barding Armor
38:45 Town Patrol
39:46 Iron Casting
39:42 Ring Archer Armor
40:11 Masonry
Citykeeper
2:10 Loom
11:05 Feudal Age
15:34 Castle Age
13:56 Double-Bit Axe
15:02 Horse Collar
26:33 Heavy Plow
28:36 Wheelbarrow
30:53 Imperial Age
29:05 Scale Barding Armor
29:10 Forging
29:20 Bow Saw
30:46 Chain Barding Armor
31:15 Bloodlines
31:06 Husbandry
32:17 Plate Barding Armor
33:13 Iron Casting
32:06 Cavalier
36:55 Fletching
40:08 Bodkin Arrow
43:03 Chemistry
42:13 Masonry
43:57 Conscription
44:36 Thumb Ring
44:32 Padded Archer Armor
44:33 Bracer
47:09 Leather Archer Armor
47:19 Supremacy
49:04 Caravan
50:15 Two-Man Saw
49:40 Bombard Tower
49:51 Architecture
M@nquito 2.0
11:35 Feudal Age
16:02 Castle Age
14:33 Double-Bit Axe
20:38 Bow Saw
24:36 Wheelbarrow
25:19 Loom
27:14 Forging
27:47 Scale Mail Armor
31:04 Imperial Age
28:40 Eagle Warrior
28:45 Man-at-Arms
29:34 Squires
30:04 Hand Cart
30:39 Iron Casting
30:17 Horse Collar
30:56 Chain Mail Armor
30:32 Man-at-Arms
31:00 Town Watch
30:39 Pikeman
32:03 Gold Mining
32:12 Elite Eagle Warrior
32:39 Arson
34:11 Blast Furnace
33:06 Stone Mining
34:15 Plate Mail Armor
33:26 Man-at-Arms
35:16 Man-at-Arms
35:58 Town Patrol
37:08 Gold Shaft Mining
38:58 Conscription
38:12 Pikeman
39:42 Garland Wars
1847373944
2:04 Loom
14:50 Feudal Age
17:07 Double-Bit Axe
19:31 Castle Age
25:09 Double-Bit Axe
25:21 Stone Mining
27:28 Bow Saw
27:14 Gold Mining
28:55 Wheelbarrow
30:46 Hand Cart
31:28 Thumb Ring
37:12 Imperial Age
34:28 Horse Collar
35:17 Padded Archer Armor
35:22 Fishing Lines
37:16 Fletching
38:09 Gold Shaft Mining
38:18 Conscription
38:23 Bodkin Arrow
40:01 Ballistics
40:45 Chemistry
40:27 Leather Archer Armor
41:37 Bracer
42:07 Ring Archer Armor
42:13 Heavy Plow
42:58 Elite Mameluke
44:48 Husbandry
45:05 Bloodlines
47:18 Ring Archer Armor
46:59 Forging
46:54 Scale Barding Armor
Re1gn
3:28 Loom
10:14 Feudal Age
16:10 Castle Age
14:28 Double-Bit Axe
16:55 Wheelbarrow
16:12 Fishing Lines
18:05 Gold Mining
22:49 Gillnets
24:20 Fletching
24:58 Padded Archer Armor
25:27 Hand Cart
27:01 Bow Saw
31:50 Imperial Age
30:32 Stone Mining
31:17 Gold Shaft Mining
31:46 Bodkin Arrow
33:04 Drill
33:05 Conscription
33:51 Chemistry
34:12 Onager
35:24 Bracer
35:39 Leather Archer Armor
36:47 Heavy Scorpion
38:06 Thumb Ring
38:27 Parthian Tactics
39:02 Caravan
41:06 Ballistics
43:07 Siege Engineers
43:13 Masonry
43:40 Hoardings
浮槎万里获星河
0:32 Loom
11:03 Feudal Age
14:53 Castle Age
13:57 Double-Bit Axe
13:53 Horse Collar
21:01 Elite Skirmisher
22:29 Wheelbarrow
21:49 Fletching
22:59 Town Watch
25:32 Gold Mining
30:58 Imperial Age
29:21 Gold Shaft Mining
28:54 Heavy Plow
30:01 Husbandry
30:35 Bloodlines
30:28 Stone Mining
30:48 Cavalier
32:17 Forging
32:49 Stone Shaft Mining
32:44 Bow Saw
33:17 Conscription
34:00 Iron Casting
34:13 Scale Barding Armor
35:15 Light Cavalry
37:17 Chemistry
37:54 Two-Man Saw
36:18 Hussar
37:14 Savar
39:46 Ballistics
39:39 Elite War Elephant
蒜香骨
7:10 Loom
8:59 Feudal Age
9:46 Loom
10:46 Double-Bit Axe
10:57 Horse Collar
15:25 Wheelbarrow
18:42 Castle Age
18:50 Fletching
19:01 Padded Archer Armor
20:13 Bodkin Arrow
20:34 Leather Archer Armor
20:33 Elite Skirmisher
21:23 Town Watch
26:47 Bow Saw
26:39 Heavy Plow
30:27 Imperial Age
29:14 Hand Cart
30:15 Scale Barding Armor
30:25 Capped Ram
31:20 Bloodlines
30:30 Cavalier
31:23 Forging
32:29 Chemistry
33:19 Two-Man Saw
32:54 Crop Rotation
32:34 Town Patrol
33:07 Paladin
34:40 Chain Barding Armor
34:19 Siege Ram
36:06 Iron Casting
37:33 Conscription
37:58 Plate Barding Armor
39:07 Caravan
40:00 Gold Mining
40:30 Scale Mail Armor
41:31 Blast Furnace
40:54 Pikeman
41:56 Chain Mail Armor
41:45 Squires
41:31 Arson
42:12 Halberdier
44:15 Plate Barding Armor
44:41 Plate Mail Armor
47:23 Light Cavalry
Connection lost

Rejoining the realm…

Still unreachable

The connection could not be restored.

Session expired

The server has moved on; the page needs a fresh start.